 Dungeon Crawl Stone Soup version 0.30.1-9-gdf580d7c3d (webtiles) character file.

Game seed: 3006633384466223493

525 Peloso the Slasher (level 7, -1/61 HPs)
             Began as a Minotaur Fighter on Oct 12, 2023.
             Constricted to death by Pikel (8 damage)
             ... on level 4 of the Dungeon.
             The game lasted 00:05:16 (2607 turns).

Peloso the Slasher (Minotaur Fighter)               Turns: 2607, Time: 00:05:16

Health: -1/61      AC:  8    Str: 21    XL:     7   Next: 2%
Magic:  6/6        EV:  7    Int:  5    God:
Gold:   188        SH:  5    Dex: 11    Spells: 6/6 levels left

rFire   . . .        a - +0 long sword
rCold   . . .        d - +0 buckler
rNeg    . . .        u - +0 scale mail
rPois   .            (helmet restricted)
rElec   .            n - +0 cloak
rCorr   +            (no gloves)
SInv    .            (no boots)
Will    .....        g - amulet of regeneration Stlth
                     l - ring of resist corrosion
HPRegen 1.10/turn    (no ring)
MPRegen 0.10/turn

%: no passive effects
@: grasped by roots, constricted
A: horns 2, retaliatory headbutt
a: no special abilities


You were on level 4 of the Dungeon.
You visited 1 branch of the dungeon, and saw 4 of its levels.

You collected 188 gold pieces.

Inventory:

Hand Weapons
 a - a +0 long sword (weapon)
 b - the +4 whip of Ovibreac {antimagic, rC+}
   (You took it off a goblin on level 4 of the Dungeon)

   rC:        It protects you from cold.
 c - the +6 dagger of Responsibility {heavy, rPois Str+2 Int+4}
   (You found it on level 3 of the Dungeon)

   Str:       It affects your strength (+2).
   Int:       It affects your intelligence (+4).
   rPois:     It protects you from poison.
Armour
 d - a +0 buckler (worn)
 n - a +0 cloak (worn)
 u - a +0 scale mail (worn)
Jewellery
 g - an amulet of regeneration (around neck)
 l - a ring of resist corrosion (left hand)
 o - an amulet of faith
Wands
 k - a wand of paralysis (4)
 t - a wand of polymorph (3)
Scrolls
 e - 5 scrolls of identify
 f - a scroll of enchant weapon {unknown}
 h - a scroll of summoning {unknown}
 i - a scroll of fog
 j - a scroll of poison
 m - a scroll of fear
 p - a scroll of noise {unknown}
 q - a scroll of vulnerability {unknown}
 s - a scroll of teleportation {unknown}
Potions
 r - a potion of might


   Skills:
 + Level 5.1 Fighting
 + Level 5.8 Long Blades
 + Level 5.3 Armour
 + Level 1.9 Dodging
 + Level 0.3 Stealth
 + Level 5.2 Shields


You had 6 spell levels left.
You didn't know any spells.
Your spell library contained the following spells:

 Spells                   Type           Power      Damage    Failure   Level
 Cigotuvi's Dreadful Rot  Necr/Pois/Air  0%         N/A       94%         2
 Dispel Undead            Necr           0%         3d6       100%        4
 Death Channel            Necr           0%         N/A       100%        6


Dungeon Overview and Level Annotations

Branches:
Dungeon (4/15)
 Temple: D:4-7

Altars:
Hepliaklqana

Shops:
D:3 [

Annotations:
D:4 Pikel


Innate Abilities, Weirdness & Mutations

You have a pair of horns on your head.
You reflexively headbutt those who attack you in melee.


Message History

You block Pikel's attack. The grasping roots constrict you!
The grasping roots release their grip on you.
You hit Pikel but do no damage. You headbutt Pikel, but do no damage.
Pikel is almost dead.
Pikel zaps a wand.
The roots erupt in riotous growth!
The grasping roots grab you!
The ufetubus is unaffected.
Pikel is unaffected.
The grasping roots constrict you.
You hit Pikel.
Pikel is almost dead.
The ufetubus hits you but does no damage.
The ufetubus hits you.
* * * LOW HITPOINT WARNING * * *
Pikel hits you with a +2 whip of flaming!
* * * LOW HITPOINT WARNING * * *
Pikel burns you.
* * * LOW HITPOINT WARNING * * *
The grasping roots constrict you.
* * * LOW HITPOINT WARNING * * *
The ufetubus hits you but does no damage. x2
The grasping roots release their grip on you.
Okay, then.
Unknown command.
You hit Pikel but do no damage.
Pikel is almost dead.
The ufetubus hits you but does no damage.
The ufetubus closely misses you. Pikel closely misses you.
You hit Pikel but do no damage. Your headbutt misses Pikel.
Pikel is almost dead.
The ufetubus hits you but does no damage.
The ufetubus barely misses you. You block Pikel's attack.
You block the ufetubus's attack. The ufetubus barely misses you.
You hit Pikel but do no damage.
Pikel is almost dead.
The ufetubus closely misses you. You block the ufetubus's attack.
Pikel zaps a wand.
The roots erupt in riotous growth!
The grasping roots grab you!
The ufetubus is unaffected.
Pikel is unaffected.
The now-empty wand crumbles to dust.
The grasping roots constrict you!
You die...

#.##.......###
# #.##....####
#.##....#
#.##....#
######.##....#
#.......')...+
######.##....#
#5##....#
#@####### #K#
#5# #5#
#..5.......
#.#.###.###
#5#.# # #.#
#.#


You could see Pikel, 3 lemures and an ufetubus.

Vanquished Creatures
  Sigmund (D:2)
  A lemure (D:4)
  A phantom (D:4)
  Blork the orc (D:4)
  A scorpion (D:3)
  A jelly (D:4)
  Jessica (D:3)
  Robin (D:3)
  A gnoll (D:1)
  An ufetubus (D:4)
  2 adder skeletons (D:4)
  A worm (D:2)
  A dart slug (D:1)
  6 orcs
  7 endoplasms
  2 giant cockroaches
  17 goblins
  8 hobgoblins
  5 kobolds
  3 quokkas
  5 ball pythons
  3 bats
  2 frilled lizards (D:1)
  6 rats
78 creatures vanquished.

Notes
Turn   | Place    | Note
-------+----------+-------------------------------------------
     0 | D:1      | Peloso the Minotaur Fighter began the quest for the Orb.
     0 | D:1      | Reached XP level 1. HP: 19/19 MP: 0/0
   255 | D:1      | Reached XP level 2. HP: 23/27 MP: 1/1
   440 | D:1      | Found a faded altar of an unknown god.
   500 | D:1      | Reached XP level 3. HP: 33/33 MP: 2/2
   900 | D:2      | You fall into a shaft and drop 2 floors!
   944 | D:4      | Noticed Blork the orc
   971 | D:4      | Noticed a phantom
   994 | D:4      | Killed a phantom
   995 | D:4      | Reached XP level 4. HP: 33/40 MP: 3/3
  1325 | D:2      | Noticed Sigmund
  1357 | D:2      | Killed Sigmund
  1358 | D:2      | Reached skill level 1 in Dodging
  1358 | D:2      | Reached skill level 5 in Shields
  1358 | D:2      | Reached XP level 5. HP: 16/47 MP: 4/4
  1358 | D:2      | Reached XP level 6. HP: 18/53 MP: 5/5
  1834 | D:3      | Noticed Jessica
  1842 | D:3      | Reached skill level 5 in Armour
  1857 | D:3      | Killed Jessica
  1858 | D:3      | Reached skill level 5 in Long Blades
  2015 | D:3      | Identified the +6 dagger of Responsibility {heavy, rPois
                  | Str+2 Int+4}
  2074 | D:3      | Found a hazy altar of Hepliaklqana.
  2122 | D:3      | Noticed Robin
  2133 | D:3      | Killed Robin
  2290 | D:3      | Found Atant's Armour Boutique.
  2437 | D:4      | Killed Blork the orc
  2438 | D:4      | Reached skill level 5 in Fighting
  2500 | D:4      | Identified the +4 whip of Ovibreac {antimagic, rC+}
  2511 | D:4      | Reached XP level 7. HP: 60/61 MP: 6/6
  2588 | D:4      | Noticed Pikel
  2604 | D:4      | HP: 3/61 [constriction (6)]
  2607 | D:4      | Constricted to death by Pikel

Illustrated notes

Levels and vault maps discovered:
D:1:      dreamdust_arrival_sigmund_warning, layout_basic,
          hellmonk_ecumenical_altar_zigzags
D:2:      layout_basic, minivault_23, corexii_corridor_pit, dk_noncrumbling_3,
          st_stairs_6, uniq_sigmund
D:3:      minmay_spotlight, layout_loops_ring, nicolae_overflow_hidden_temple,
          serial_shops, nicolae_shop_back_alley_shop, uniq_robin, uniq_jessica
D:4:      layout_basic, serial_undead, serial_undead_e, serial_undead_b,
          serial_undead_b, serial_undead_c, serial_undead_f, uniq_pikel,
          uniq_blork_the_orc

Skill      XL: |  1  2  3  4  5  6 |
---------------+-------------------+-----
Shields        | 4 5 |  5.2
Fighting       | 4 5 |  5.1
Long Blades    | 3 4 5 |  5.8
Armour         | 4 5 |  5.3
Dodging        | 1 |  1.9
Stealth        | |  0.3

Action                     |  1- 3 |  4- 6 |  7- 9 || total
---------------------------+-------+-------+-------++-------
  Melee: Long sword        |    64 |   136 |    25 ||   225
         Headbutt          |     8 |    25 |     7 ||    40
    Use: Potion            |     2 |     1 |       ||     3
         Scroll            |       |     3 |       ||     3
 Armour: Scale mail        |    39 |    33 |    11 ||    83
  Dodge: Dodged            |    39 |    57 |    15 ||   111
  Block: Buckler           |    16 |    32 |     7 ||    55
